 Dungeon Crawl Stone Soup version 0.30-a0-860-g512cf1e979 (webtiles) character file.

Game seed: 3478599189861520085

11844 112233 the Fighter (level 11, -11/127 HPs)
             Began as an Ogre Necromancer on Mar 8, 2023.
             Was an Initiate of Gozag.
             Mangled by Snorg (15 damage)
             ... on level 1 of the Orcish Mines.
             The game lasted 00:32:40 (15660 turns).

112233 the Fighter (Ogre Necromancer)              Turns: 15660, Time: 00:32:40

Health: -11/127    AC:  7    Str: 14    XL:     11   Next: 84%
Magic:  25/35      EV: 12    Int: 20    God:    Gozag
Gold:   1025       SH:  0    Dex:  9    Spells: 18/33 levels left

rFire   + + .      SeeInvis .    s - +4 long sword (freeze)
rCold   . . .      Faith    .    (no shield)
rNeg    . . .      Spirit   .    a - +0 robe
rPois   .          Reflect  .    (helmet restricted)
rElec   .          Rampage  .    K - +0 cloak
rCorr   .                        (gloves unavailable)
Will    +....                    (boots unavailable)
Stlth   +                        (no amulet)
HPRegen 0.41/turn                h - +4 ring of protection
MPRegen 0.24/turn                H - ring "Xazuat" {rF++ MP+9}

@: no status effects
A: large, unfitting armour, tough skin 1, antennae 1, deformed body, screaming 1
a: Renounce Religion, Potion Petition, Call Merchant, Bribe Branch


You were on level 1 of the Orcish Mines.
You worshipped Gozag.
Gozag was most pleased with you.
You visited 3 branches of the dungeon, and saw 12 of its levels.
You also visited: Bailey.

You collected 1966 gold pieces.
You spent 609 gold pieces at shops.
You paid 332 gold pieces to Gozag.

Inventory:

Hand Weapons
 d - a +0 quarterstaff
 s - a +4 long sword of freezing (weapon)
Missiles
 u - 3 throwing nets
Armour
 a - a +0 robe (worn)
 D - a +1 robe of fire resistance
 K - a +0 cloak (worn)
 L - +0 ice dragon scales
Magical Staves
 F - a staff of poison
 J - a staff of fire
Jewellery
 b - a +5 ring of evasion
 e - a +6 ring of intelligence
 h - a +4 ring of protection (left hand)
 k - a +5 ring of evasion
 p - a ring of flight
 C - a ring of positive energy
 H - the ring "Xazuat" (right hand) {rF++ MP+9}
   (You found it in a bailey)

   [ring of magical power]

   rF:        It greatly protects you from fire.
   MP:        It affects your magic capacity (+9).
Wands
 l - a wand of quicksilver (14)
 v - a wand of digging (8)
 x - a wand of flame (29) (quivered)
Scrolls
 c - a scroll of fear {unknown}
 f - 2 scrolls of vulnerability
 i - 2 scrolls of fog
 j - a scroll of blinking
 m - 3 scrolls of immolation
 n - a scroll of magic mapping
 o - 3 scrolls of noise {unknown}
 r - a scroll of poison {unknown}
 t - 4 scrolls of amnesia {unknown}
 w - a scroll of silence {unknown}
 y - 4 scrolls of teleportation {unknown}
 B - 2 scrolls of identify {unknown}
 I - a scroll of enchant armour {unknown}
Potions
 g - 9 potions of curing
 q - 2 potions of degeneration
 z - a potion of lignification {unknown}
 A - a potion of mutation
 E - 5 potions of might
 G - 3 potions of haste
 M - a potion of ambrosia {unknown}


   Skills:
 + Level 13.6 Fighting
 + Level 9.0 Dodging
 - Level 1.4 Stealth
 + Level 11.9 Spellcasting
 - Level 6.1 Necromancy


You had 18 spell levels left.
You knew the following spells:

 Your Spells              Type           Power      Damage    Failure   Level
a - Necrotise             Necr           100%       1d9       1%          1
b - Vampiric Draining     Necr           36%        2d8       1%          3
c - Agony                 Necr           36%        N/A       13%         5
d - Mephitic Cloud        Conj/Pois/Air  11%        N/A       17%         3
e - Apportation           Tloc           22%        N/A       6%          1
f - Blink                 Tloc           22%        N/A       9%          2

Your spell library contained the following spells:

 Spells                   Type           Power      Damage    Failure   Level
 Kiss of Death            Conj/Necr      96%        2d12      1%          1
 Dispel Undead            Necr           36%        3d15      4%          4
 Magic Dart               Conj           44%        1d5       6%          1
 Call Imp                 Summ           11%        N/A       9%          2
 Ensorcelled Hibernation  Hex/Ice        22%        N/A       9%          2
 Lesser Beckoning         Tloc           22%        N/A       9%          2
 Momentum Strike          Conj/Tloc      22%        3d8       9%          2
 Searing Ray              Conj           22%        2d5       9%          2
 Anguish                  Hex/Necr       12%        N/A       16%         4
 Confusing Touch          Hex            11%        N/A       17%         3
 Spider Form              Tmut/Pois      11%        N/A       17%         3
 Fulminant Prism          Conj/Hex       5%         3d7       50%         4
 Manifold Assault         Tloc           11%        N/A       50%         4
 Alistair's Intoxication  Tmut/Pois      7%         N/A       85%         5
 Dispersal                Tloc           5%         N/A       100%        6
 Disjunction              Tloc           5%         N/A       100%        8
 Animate Dead             Necr           Unusable   N/A       N/A         4

Dungeon Overview and Level Annotations

Branches:
Dungeon (10/15)            Temple (1/1) D:5            Lair (0/5) D:8
    Orc (1/2) D:10         Bailey (visited)

Altars:
Ashenzari
Cheibriados
Dithmenos
Elyvilon
Fedhas
Gozag
Hepliaklqana
Kikubaaqudgha
Makhleb
Nemelex Xobeh
Okawaru
Qazlal
Ru
Sif Muna
Trog
Uskayaw
Vehumet
Wu Jian
Xom
Yredelemnul
Zin
The Shining One

Shops:
D:6 ([*:

Annotations:
D:1 1 transporter
D:3 2 transporters, anet's ghost, amateur GrCj
D:8 1 runed translucent door, Ijustatesigmund's ghost, novice DEHW
D:9 exclusion: downstairs
D:10 1 runed translucent door, Pascal76's ghost, novice MiBe
Temple 2 transporters
Orc:1 Snorg


Innate Abilities, Weirdness & Mutations

You are too large for most types of armour.
You have tough skin. (AC +1)
You have a pair of small antennae on your head.
Armour fits poorly on your strangely shaped body.
You occasionally shout uncontrollably at your foes.


Message History

You hear a shout!
Unknown command.
Casting: Vampiric Draining (safe; 1% risk of failure)
Confirm with . or Enter, or press ? or * to list all spells.
Okay, then.
Casting: Vampiric Draining (safe; 1% risk of failure)
Confirm with . or Enter, or press ? or * to list all spells.
Aiming: Agony (dangerous; 13% risk of failure)
Press: ? - help, Shift-Dir - straight line, f - Snorg
Aim: Snorg (berserk, chance to affect: 76%) Snorg convulses!
Snorg bites you! Snorg claws you! x2
Unknown command.
Casting: Agony (dangerous; 13% risk of failure)
Confirm with . or Enter, or press ? or * to list all spells.
Aiming: Vampiric Draining (safe; 1% risk of failure)
Press: ? - help, Shift-Dir - straight line, f/p - Snorg
Aim: Snorg (heavily wounded, berserk)
You draw life force from Snorg!
You feel life coursing into your body. Snorg closely misses you.
Snorg claws you! Snorg completely misses you.
An orc warrior comes into view.
It is wielding a +0 dire flail and quivering silver boomerangs.
Snorg closely misses you. Snorg claws you but does no damage. Snorg claws you!
Casting: Vampiric Draining (safe; 1% risk of failure)
Confirm with . or Enter, or press ? or * to list all spells.
Aiming: Vampiric Draining (safe; 1% risk of failure)
Press: ? - help, Shift-Dir - straight line, f/p - Snorg
Aim: Snorg (heavily wounded, berserk)
You draw life force from Snorg!
You feel life coursing into your body.
The orc warrior shouts!
You hear a shout!
Snorg bites you!!
* * * LOW HITPOINT WARNING * * *
Snorg claws you!
* * * LOW HITPOINT WARNING * * *
Snorg claws you!
* * * LOW HITPOINT WARNING * * *
Unknown command.
As you read the scroll labelled EPSOLO LACORGH, it crumbles to dust.
You feel aware of your surroundings.
It was a scroll of magic mapping.
Snorg bites you!
You die...
Your body crumbles into a pile of gold.

*,,,,,,,,,,,,,$,,,**
##,#........,,,,,**
##.##.....#..,,,,$,*
#..........o.,,,,,,**
#.........>..,,,,,,,**
*#.#.........,,,,,,,,,
*#..o....##.,,,,,,^,,
***
##...o.....#,,,,,***,
**,**
#...@T...$..,,,*** **
*,,,*
##..........#,,** *
**,**
##...#$..#.##.,,* **
##.#*
##...###..#*#**,,** *,
#...* ##.#........#
*,,,* ** #..##
###..........## **,**
* ....###....##.#.####
*** #....#....#######
.....##.###


You could see Snorg (berserk), an orc warrior and 2 orcs.

Vanquished Creatures
  2 two-headed ogres
  Urug (D:10)
  Nergalle (D:9)
  A deep elf pyromancer (Bailey)
  An orc knight (Bailey)
  Joseph (D:9)
  A gargoyle (D:10)
  A troll (D:9)
  Grinder (D:6)
  Sigmund (D:4)
  3 wyverns (D:8)
  15 yaks
  Menkaure (D:4)
  2 acid dragons
  6 water moccasins
  7 orc warriors
  4 black bears
  An ice beast (D:6)
  4 wolves (D:8)
  2 gnoll sergeants
  2 bullfrogs (D:6)
  A kobold brigand (D:10)
  2 scorpions
  14 wights
  8 killer bees
  8 orc priests
  2 hounds
  A jelly (D:6)
  4 iguanas (D:4)
  11 orc wizards
  Natasha (twice) (D:4)
  6 adders
  8 gnolls
  A shadow imp (D:7)
  3 white imps
  A worm (D:2)
  2 dart slugs
  47 orcs
  4 ball pythons
  4 endoplasms
  3 giant cockroaches
  6 goblins
  10 hobgoblins
  2 jackals (D:1)
  2 quokkas
  5 bats
  6 frilled lizards
  11 kobolds
  3 rats
235 creatures vanquished.

Vanquished Creatures (collateral kills)
  Natasha (D:4)
  An orc (D:4)
2 creatures vanquished.

Vanquished Creatures (others)
  3 bushes (D:8)
  6 fungi (D:8)
  20 plants (D:8)
29 creatures vanquished.

Grand Total: 266 creatures vanquished

Notes
Turn   | Place    | Note
-------+----------+-------------------------------------------
     0 | D:1      | 112233 the Ogre Necromancer began the quest for the Orb.
     0 | D:1      | Reached XP level 1. HP: 16/16 MP: 3/3
   131 | D:1      | Reached skill level 1 in Fighting
   168 | D:1      | Reached XP level 2. HP: 14/27 MP: 3/5
   487 | D:1      | Found a faded altar of an unknown god.
  1035 | D:2      | Reached XP level 3. HP: 34/35 MP: 5/7
  1129 | D:2      | Reached skill level 2 in Fighting
  1946 | D:3      | Found an ancient bone altar of Kikubaaqudgha.
  1970 | D:3      | Found a blossoming altar of Fedhas.
  2001 | D:3      | Reached XP level 4. HP: 44/44 MP: 4/8
  2334 | D:3      | Found a transporter.
  2409 | D:3      | Noticed anet's ghost (amateur GrCj)
  2511 | D:3      | Found a transporter.
  2771 | D:4      | Reached skill level 3 in Fighting
  2839 | D:4      | Reached XP level 5. HP: 39/53 MP: 1/10
  2938 | D:4      | Learned a level 3 spell: Vampiric Draining
  3142 | D:4      | Noticed Natasha
  3151 | D:5      | Entered Level 5 of the Dungeon
  3156 | D:4      | Killed Natasha
  3165 | D:4      | Reached skill level 4 in Fighting
  3165 | D:4      | Noticed Natasha
  3170 | D:4      | Killed Natasha
  3171 | D:4      | Reached XP level 6. HP: 39/62 MP: 1/12
  3187 | D:4      | Noticed Natasha
  3196 | D:4      | Killed Natasha
  3334 | D:4      | Noticed Menkaure
  3342 | D:4      | Killed Menkaure
  3343 | D:4      | Reached skill level 5 in Fighting
  3343 | D:4      | Reached skill level 5 in Necromancy
  3598 | D:4      | Noticed Sigmund
  3606 | D:4      | Killed Sigmund
  3607 | D:4      | Reached skill level 5 in Spellcasting
  3607 | D:4      | Reached XP level 7. HP: 70/72 MP: 1/15
  4153 | D:5      | Reached skill level 6 in Fighting
  4404 | D:5      | Found a staircase to the Ecumenical Temple.
  4504 | Temple   | Entered the Ecumenical Temple
  4504 | Temple   | Found a transporter.
  4504 | Temple   | Found a transporter.
  4506 | Temple   | Found a transporter.
  4506 | Temple   | Found a transporter.
  4547 | Temple   | Became a worshipper of Gozag Ym Sagoz the Greedy
  5167 | D:6      | Reached XP level 8. HP: 84/84 MP: 5/17
  5476 | D:6      | Found Hawk's Book Emporium.
  5788 | D:6      | Reached skill level 7 in Fighting
  6310 | D:6      | Found Xutuyf's Weapon Shoppe.
  6316 | D:6      | Reached skill level 8 in Fighting
  6351 | D:6      | Noticed Grinder
  6359 | D:6      | Killed Grinder
  6360 | D:6      | Reached XP level 9. HP: 97/97 MP: 18/20
  6396 | D:6      | Found Icla's Assorted Antiques.
  6408 | D:6      | Bought a brown potion for 25 gold pieces
  6408 | D:6      | Bought a short smoking staff for 336 gold pieces
  6408 | D:6      | Bought 2 brown potions for 50 gold pieces
  6855 | D:6      | Learned a level 5 spell: Agony
  6989 | D:6      | Found Orodagib's Armour Shop.
  7681 | D:7      | Reached skill level 9 in Fighting
  7787 | D:7      | Found a basalt altar of Yredelemnul.
  7873 | D:7      | Reached skill level 5 in Dodging
  8722 | D:8      | Found a flagged portal.
  8731 | Bailey   | Entered a bailey
  8973 | Bailey   | Reached skill level 10 in Fighting
  8995 | Bailey   | Noticed an orc knight
  9013 | Bailey   | Killed an orc knight
  9014 | Bailey   | Reached XP level 10. HP: 68/111 MP: 0/23
  9394 | Bailey   | Found a large runed translucent door.
  9394 | Bailey   | Found a large runed translucent door.
  9395 | Bailey   | Noticed a deep elf pyromancer
  9495 | Bailey   | Learned a level 3 spell: Mephitic Cloud
  9505 | Bailey   | Killed a deep elf pyromancer
  9545 | Bailey   | Identified the ring "Xazuat" {rF++ MP+9}
  9817 | D:8      | Noticed Ijustatesigmund's ghost (novice DEHW)
  9844 | D:8      | Found a runed translucent door.
  9901 | D:8      | Found a staircase to the Lair.
  9936 | D:8      | Reached skill level 11 in Fighting
 10198 | D:8      | Reached skill level 10 in Spellcasting
 10931 | D:9      | Noticed Joseph
 10949 | D:9      | Gained mutation: You occasionally shout uncontrollably at
                  | your foes. [potion of mutation]
 10949 | D:9      | Gained mutation: You have a pair of small antennae on your
                  | head. [potion of mutation]
 10949 | D:9      | Gained mutation: Armour fits poorly on your strangely
                  | shaped body. [potion of mutation]
 10958 | D:9      | Killed Joseph
 10959 | D:9      | Reached skill level 12 in Fighting
 11506 | D:9      | Noticed a two-headed ogre
 11519 | D:9      | Killed a two-headed ogre
 11520 | D:9      | Reached XP level 11. HP: 108/123 MP: 6/25
 12478 | D:10     | Entered Level 10 of the Dungeon
 12491 | D:10     | Found a sparkling altar of Nemelex Xobeh.
 12492 | D:10     | Found a broken altar of Ashenzari.
 12492 | D:10     | Found a shimmering blue altar of Sif Muna.
 12493 | D:10     | Found a hazy altar of Hepliaklqana.
 12961 | D:10     | Learned a level 1 spell: Apportation
 12970 | D:10     | Noticed a two-headed ogre
 13353 | D:6      | Bought a book of Spatial Translocations for 198 gold pieces
 13356 | D:6      | Learned a level 2 spell: Blink
 14523 | D:10     | Noticed Nergalle
 14528 | D:10     | Noticed a spectral orc warlord
 14532 | D:9      | Killed Nergalle
 14533 | D:9      | Reached skill level 13 in Fighting
 14836 | D:10     | Found a runed translucent door.
 15216 | D:10     | Killed a two-headed ogre
 15373 | D:10     | Found a shimmering altar of Xom.
 15373 | D:10     | Noticed Pascal76's ghost (novice MiBe)
 15374 | D:10     | Noticed a +0 war axe of chaos
 15396 | D:10     | Found a staircase to the Orcish Mines.
 15510 | Orc:1    | Entered Level 1 of the Orcish Mines
 15510 | Orc:1    | Noticed Urug
 15520 | D:10     | Killed Urug
 15653 | Orc:1    | Noticed Snorg
 15659 | Orc:1    | HP: 3/127 [Snorg (15)]
 15660 | Orc:1    | Mangled by Snorg

Illustrated notes

Levels and vault maps discovered:
D:1:      spicycebolla_arrival_risky_transporter, layout_loops_ring,
          shapermc_ecumenical_altar_mp_ritualfount
D:2:      wad_river_or_something, layout_loops_cross
D:3:      layout_basic, grunt_temple_overflow_growth_and_decay,
          gammafunk_ghost_mausoleum
D:4:      layout_cave_pools, grunt_decor_mini_mirrors, uniq_sigmund,
          uniq_natasha, uniq_menkaure
D:5:      layout_basic, minmay_temple_entry_sparse_star,
          chequers_ossuary_entry_cave, kennysheep_generic_room_2
D:6:      layout_loops_cross, serial_shops, nicolae_shop_bloodbath_and_beyond,
          nicolae_shop_trees, nicolae_shop_waterfront, shop,
          chequers_serial_rivers_marsh, chequers_serial_rivers_micro_b,
          hangedman_decor_peaks_small, kennysheep_cross_room,
          serial_bayou_pond_e, uniq_grinder
D:7:      layout_loops_ring, mainiacjoe_overflow_cross_hatched
D:8:      layout_basic, minmay_lair_entry_grove, enter_bailey_2,
          hellmonk_ghost_happy_afterlife, kennysheep_generic_room_14
D:9:      layout_layer_cave, uniq_joseph
D:10:     layout_rooms, chequers_temple_overflow_statue_of_worship, orc_0_dummy,
          ebering_ghost_xom, kennysheep_generic_room_3, uniq_nergalle
Temple:   hellmonk_temple_divided_pantheon
Orc:1:    layout_caves, mines4_lemuel, uniq_josephine, uniq_snorg, uniq_urug

Skill      XL: |  1  2  3  4  5  6  7  8  9 10 11 |
---------------+----------------------------------+-----
Fighting       | 1 2 3 4 5 6 8 10 12 13 | 13.6
Spellcasting   | 3 4 5 6 7 9 10 11 | 11.9
Necromancy     | 4 5 6 |  6.1
Dodging        | 2 4 6 7 9 |  9.0
Stealth        | |  1.4

Action                     |  1- 3 |  4- 6 |  7- 9 | 10-12 || total
---------------------------+-------+-------+-------+-------++-------
  Melee: Quarterstaff      |    33 |    10 |    67 |       ||   110
         Long sword        |       |       |   109 |   104 ||   213
         Punch             |       |       |       |     1 ||     1
   Cast: Necrotise         |    59 |    60 |    37 |    65 ||   221
         Vampiric Draining |       |     7 |    90 |   157 ||   254
         Mephitic Cloud    |       |       |       |     3 ||     3
         Agony             |       |       |       |     4 ||     4
 Invoke: Potion Petition   |       |       |       |     1 ||     1
  Evoke: Wand              |       |     5 |     8 |     5 ||    18
    Use: Potion            |       |       |     9 |     6 ||    15
         Scroll            |       |       |     1 |     5 ||     6
   Stab: Sleeping          |     3 |       |     1 |       ||     4
         Distracted        |       |     1 |       |       ||     1
         Invisible         |       |       |     1 |       ||     1
 Armour: Robe              |    12 |    11 |    58 |    69 ||   150
  Dodge: Dodged            |    31 |    19 |   194 |   168 ||   412

Table legend: (Time is in decaauts)
 A = Elapsed time spent in this place.
 B = Non-inter-level travel time spent in this place.
 C = Inter-level travel time spent in this place.
 D = Time resting spent in this place.
 E = Time spent auto-exploring this place.
 F = Levels seen in this place.
 G = Mean time per level.
                   A        B        C        D        E       F      G
               +--------+--------+--------+--------+--------+-----+--------+
         Total |  15756 |  15104 |    652 |   3408 |   9578 |  13 | 1212.0 |
       Dungeon |  14673 |  14037 |    636 |   2945 |   9255 |  10 | 1467.3 |
        Temple |     58 |     44 |     14 |      0 |      5 |   1 |   58.0 |
  Orcish Mines |    136 |    136 |      0 |      0 |    121 |   1 |  136.0 |
        Bailey |    888 |    888 |      0 |    463 |    197 |   1 |  888.0 |
               +--------+--------+--------+--------+--------+-----+--------+

Top non-repeatable levels by time:
     D:9: 2590 daAuts
     D:8: 2040 daAuts
     D:6: 1829 daAuts
     D:5: 1768 daAuts
    D:10: 1340 daAuts
     D:7: 1286 daAuts
     D:4: 1043 daAuts
     D:2: 1020 daAuts
     D:1: 915 daAuts
  Bailey: 888 daAuts
     D:3: 837 daAuts
   Orc:1: 136 daAuts
  Temple: 58 daAuts
